Map: Abyssal Reef LE

Players

Ziggy

  • Race: Terran Terran
  • Spawn Location: 11:00

HuShang - Winner!

  • Race: Protoss Protoss
  • Spawn Location: 5:00

Event: WCS Montreal 2017

VOD

Have the link to the VOD?

Description

Time

  • Played on: Sept. 8, 2017, 3:34 p.m.
  • Length: 7:27

All games in this series

Show
View Real Time Build Order
Export as new Build Order

Ziggy Terran 

Build Orders: Reaper Expand, MMM Bio 

Get SALT Encoding   

  12  0:00  SCV  
  13  0:12  SCV  
  14  0:17  Supply Depot  
  14  0:24  SCV  
  15  0:38  SCV  
  15  0:40  Barracks  
  16  0:45  Refinery  
  16  0:50  SCV  
  17  1:02  SCV  
  18  1:15  SCV  
  19  1:27  Orbital Command, Reaper  
  20  1:40  Command Center  
  20  1:53  Barracks  
  20  1:54  SCV  
  20  2:00  Barracks Reactor  
  21  2:06  SCV  
  21  2:07  Supply Depot  
  22  2:18  Refinery  
  22  2:19  SCV  
  23  2:31  SCV  
  23  2:34  Factory  
  24  2:38  Marine x2  
  24  2:41  Barracks Tech Lab  
  24  2:43  SCV  
  27  2:52  Orbital Command  
  27  2:55  Marine x2, SCV  
  30  2:59  Marine  
  30  3:05  Stimpack  
  31  3:08  SCV  
  32  3:13  Marine x2  
  32  3:17  SCV  
  35  3:20  SCV  
  35  3:24  Marine  
  37  3:29  SCV  
  37  3:31  Marine x2  
  37  3:32  SCV  
  41  3:35  Starport  
  41  3:37  Factory Reactor  
  41  3:45  SCV  
  41  3:46  Supply Depot, Marine  
  43  3:49  Marine  
  43  3:50  Marine  
  43  3:51  SCV  
  46  3:58  Supply Depot  
  46  4:08  Marine x3, SCV  
  50  4:18  Medivac x2  
  54  4:25  Marine x2  
  54  4:26  SCV  
  54  4:27  SCV  
  58  4:34  Engineering Bay  
  58  4:37  Factory Tech Lab  
  57  4:38  SCV  
  57  4:39  SCV  
  57  4:40  Marine, Refinery  
  57  4:42  Barracks  
  57  4:43  Marine x2  
  62  4:50  Liberator  
  62  5:01  Supply Depot  
  62  5:05  Supply Depot  
  62  5:07  Siege Tank, SCV x2  
  62  5:10  Combat Shields  
  70  5:15  Refinery  
  70  5:19  Supply Depot  
  70  5:23  Marine x3, SCV x2  
Show
View Real Time Build Order
Export as new Build Order

HuShang Protoss - Winner!

Build Orders: 1 Gate Expand, Colossus Rush 

Get SALT Encoding   

  12  0:00  Probe (Chrono Boost)  
  13  0:11  Probe (Chrono Boost)  
  14  0:18  Pylon  
  14  0:22  Probe (Chrono Boost)  
  15  0:37  Probe (Chrono Boost), Gateway  
  15  0:42  Assimilator  
  16  0:47  Probe (Chrono Boost)  
  17  0:58  Probe (Chrono Boost)  
  18  1:08  Probe (Chrono Boost)  
  19  1:19  Probe (Chrono Boost)  
  19  1:22  Nexus  
  20  1:32  Cybernetics Core  
  20  1:35  Probe (Chrono Boost)  
  21  1:40  Assimilator  
  21  1:45  Probe (Chrono Boost)  
  22  1:52  Pylon  
  22  1:56  Probe (Chrono Boost)  
  23  2:11  Mothership Core (Chrono Boost), Adept (Chrono Boost)  
  27  2:20  Warp Gate  
  27  2:29  Probe (Chrono Boost)  
  28  2:36  Probe (Chrono Boost)  
  29  2:40  Robotics Facility  
  29  2:41  Probe (Chrono Boost)  
  29  2:43  Adept  
  32  2:47  Probe (Chrono Boost)  
  34  2:51  Probe (Chrono Boost)  
  34  2:57  Probe (Chrono Boost)  
  35  3:02  Probe (Chrono Boost)  
  36  3:05  Gateway  
  36  3:08  Probe (Chrono Boost)  
  36  3:10  Gateway  
  37  3:13  Probe (Chrono Boost)  
  37  3:18  Probe (Chrono Boost)  
  39  3:23  Probe (Chrono Boost)  
  40  3:29  Probe (Chrono Boost), Observer (Chrono Boost)  
  40  3:32  Probe  
  43  3:35  Pylon  
  43  3:40  Assimilator  
  43  3:41  Probe  
  44  3:43  Probe, Assimilator  
  45  3:53  Probe x2, Observer (Chrono Boost)  
  48  3:55  Robotics Bay  
  48  3:57  Pylon  
  48  4:01  Pylon  
  48  4:04  Probe  
  48  4:05  Probe  
  50  4:14  Probe  
  51  4:17  Probe  
  52  4:38  Nexus, Stalker x3  
  58  4:39  Pylon  
  58  4:42  Colossus (Chrono Boost)  
  64  4:54  Extended Thermal Lance (Chrono Boost)  
  64  5:03  Twilight Council  
  64  5:09  Zealot x3  
  72  5:19  Pylon  
  72  5:22  Pylon  
  72  5:26  Colossus  
  72  5:30  Sentry  
  72  5:40  Forge  
  72  5:41  Forge  
  72  5:53  Stalker x3  
  72  6:10  Gateway  
  72  6:11  Gateway  
  72  6:12  Gateway  
  72  6:21  Immortal  
  72  6:35  Zealot x3  
  72  6:56  Zealot x3  
Tags
 
Add a new tag
Caveats
  • Supply blocks, unpowered buildings, or Contaminate may cause inaccurate times.
  • Supply counts are checked every 10 seconds.